 Dungeon Crawl Stone Soup version 0.32-a0-119-g2e8054a333 (webtiles) character file.

Game seed: 8161905617793474966

2302 Newt the Spear-Bearer (level 9, -7/66 HPs)
             Began as a Merfolk Gladiator on Feb 6, 2024.
             Was a Follower of Hepliaklqana.
             Killed from afar by an electric eel (19 damage)
             ... with a bolt of electricity
             ... in a bailey.
             The game lasted 00:08:33 (6838 turns).

Newt the Spear-Bearer (Merfolk Gladiator)           Turns: 6838, Time: 00:08:33

Health: -7/66      AC:  5    Str: 19    XL:     9   Next: 40%
Magic:  9/9        EV: 20    Int:  7    God:    Hepliaklqana [*.....]
Gold:   362        SH:  0    Dex: 15    Spells: 8/8 levels left

rFire   . . .        f - +5 spear (freeze)
rCold   . . .        (no shield)
rNeg    + . .        o - +1 robe of the Other World {Harm SInv}
rPois   .            c - +0 helmet
rElec   .            n - +0 cloak
rCorr   .            (no gloves)
SInv    +            (boots currently unavailable)
Will    .....        (no amulet)
Stlth   ++           z - ring of positive energy
HPRegen 0.31/turn    (no ring)
MPRegen 0.11/turn

%: harm (+30% outgoing, +20% incoming)
@: very quick
A: reduced essence, nimble swimmer 2, mertail
a: Renounce Religion, Recall Ancestor, Ancestor Identity


You were in a bailey.
You worshipped Hepliaklqana.
Hepliaklqana was aware of your devotion.
You visited 2 branches of the dungeon, and saw 8 of its levels.
You also visited: Bailey.

You collected 362 gold pieces.

Inventory:

Hand Weapons
 a - a +1 trident
 f - a +5 spear of freezing (weapon)
 u - a +0 vampiric halberd
Missiles
 e - a javelin
 q - 3 boomerangs
 r - 4 poisoned darts (quivered)
 y - 3 throwing nets
Armour
 b - a +0 leather armour
 c - a +0 helmet (worn)
 n - a +0 cloak (worn)
 o - the +1 robe of the Other World (worn) {Harm SInv}
   (You found it on level 4 of the Dungeon)

   SInv:      It lets you see invisible.
   Harm:      It increases damage dealt and taken.
Jewellery
 m - a ring of fire
 z - a ring of positive energy (left hand)
Wands
 j - a wand of paralysis (14)
 A - a wand of flame (15)
Scrolls
 h - 3 scrolls of teleportation
 i - a scroll of noise
 v - a scroll of blinking
 B - a scroll of fear
Potions
 d - a potion of berserk rage
 g - 2 potions of heal wounds
 k - a potion of mutation
 l - a potion of cancellation
 p - 3 potions of curing
 s - a potion of attraction {unknown}
 t - a potion of degeneration {unknown}
 w - a potion of enlightenment
 x - 2 potions of ambrosia {unknown}
 D - a potion of resistance {unknown}


   Skills:
 + Level 8.1 Fighting
 - Level 9.1 Polearms
 - Level 2.0 Throwing
 - Level 9.0 Dodging
 * Level 4.5 Evocations


You had 8 spell levels left.
You didn't know any spells.
Your spell library contained the following spells:

 Spells                   Type           Power      Damage    Failure   Level
 Magic Dart               Conj           0%         1d3       43%         1
 Searing Ray              Conj           0%         2d4       56%         2
 Static Discharge         Conj/Air       0%         3-3/arc   56%         2
 Dazzling Flash           Conj/Hex       0%         N/A       80%         3
 Mephitic Cloud           Conj/Alch/Air  0%         N/A       80%         3
 Airstrike                Air            0%         2d(0-16)  99%         4
 Fulminant Prism          Conj/Alch      0%         3d5       99%         4
 Summon Lightning Spire   Summ/Air       0%         N/A       99%         4
 Curse of Agony           Necr           0%         N/A       100%        5
 Silence                  Hex/Air        0%         N/A       100%        5


Dungeon Overview and Level Annotations

Branches:
Dungeon (7/15)             Temple (1/1) D:4          Bailey (1/1)

Altars:
Ashenzari
Cheibriados
Dithmenos
Elyvilon
Gozag
Hepliaklqana
Kikubaaqudgha
Makhleb
Okawaru
Qazlal
Sif Muna
Trog
Uskayaw
Vehumet
Xom
Yredelemnul
Zin
The Shining One

Annotations:
D:5 2 transporters, puppykicker's ghost, amateur SpGl


Innate Abilities, Weirdness & Mutations

Your life essence is reduced to manifest your ancestor. (-10% HP)
You are very nimble when in or above water. (Stealth+, EV+, Speed+++)
Your lower body shifts to a powerful aquatic tail in water.


Message History

An electric eel is nearby!
Found a scroll of fear and a book of Debilitation.
The electric eel shoots out a bolt of lightning at you!
The bolt of electricity hits you!
The kobold demonologist casts a cantrip, but nothing happens.
You hear a shout!
The electric eel shoots out a bolt of lightning at you!
The bolt of electricity hits you!
The bolt of electricity hits Ku-aya!
Found a scroll labelled POSEWN YRUZIMM.
An electric eel comes into view.
Found a glowing dagger.
The electric eel shoots out a bolt of lightning at you!
The bolt of electricity misses you.
The bolt of electricity hits Ku-aya!
An electric eel comes into view.
Found a halberd.
You reach to attack!
You hit the electric eel. You freeze the electric eel.
The electric eel is moderately wounded.
The electric eel shoots out a bolt of lightning at you!
The bolt of electricity hits you!
The bolt of electricity hits Ku-aya!
You are too injured to fight recklessly!
Unknown command.
Aiming: Throw Flame
Press: ? - help, Shift-Dir - straight line, f/p - electric eel
Aim: an electric eel (water, moderately wounded, ally target, 57% to hit)
The puff of flame misses the electric eel.
The kobold demonologist mumbles some strange words.
The electric eel is engulfed in a cloud of scalding steam.
Unknown command.
Aiming: Throw Flame
Press: ? - help, Shift-Dir - straight line, f - electric eel, p - electric eel
Aim: an electric eel (water, 57% to hit)
The puff of flame hits the electric eel.
You kill the electric eel!
The electric eel shoots out a bolt of lightning at you!
The bolt of electricity hits you!
* * * LOW HITPOINT WARNING * * *
The electric eel shoots out a bolt of lightning at you!
The bolt of electricity hits you!
You die...
Hepliaklqana delivers you to your ancestors.

.......+
#≈≈≈≈≈#
########
#≈≈≈≈≈# .
#≈≈≈≈≈# ..
#≈≈≈≈≈#
#.#≈≈≈≈≈#
?#.~≈≈≈≈≈#
#:?#.o≈≈≈≈≈#
#..#.~≈≈≈R≈#
####.K≈≈≈@≈#
#.~≈≈≈§§#
..∩4≈≈≈≈§#
..#.~≈≈≈S≈#
###.~≈S≈≈≈#
.#.~≈≈≈≈≈#
)#.~≈≈≈≈≈#
)#.~≈≈≈≈≈#


You could see the friendly Ku-aya the ancestor, a rust devil (summoned), a
kobold demonologist, 2 electric eels and an orc (ally target).

Vanquished Creatures
  The ghost of lucidstorm14 the Chopper, a novice MiBe of Trog (D:6)
  Grinder (D:5)
  An orc warrior (Bailey)
  2 ice beasts (D:5)
  A sky beast (D:7)
  A black bear (D:5)
  A centaur (D:5)
  Blork the orc (D:5)
  4 scorpions
  3 wights (D:6)
  2 electric eels (Bailey)
  2 bombardier beetles
  2 jellies
  Crazy Yiuf (D:2)
  A hound (D:4)
  2 orc priests
  A gnoll bouda (D:3)
  An iguana (D:4)
  3 sleepcaps
  Ijyb (D:4)
  Terence (D:2)
  Natasha (twice) (D:2)
  An orc wizard (D:3)
  8 gnolls
  6 adders
  A shadow imp (D:5)
  A white imp (D:5)
  2 dart slugs
  A ribbon worm (D:5)
  17 orcs
  7 ball pythons
  10 endoplasms
  5 giant cockroaches
  8 goblins
  7 hobgoblins
  2 jackals (D:5)
  4 quokkas
  A bat (D:3)
  3 frilled lizards
  9 kobolds
  3 rats
  A spectral kobold (D:3)
132 creatures vanquished.

Vanquished Creatures (others)
  An ancestor (D:6)
1 creature vanquished.

Grand Total: 133 creatures vanquished

Notes
Turn   | Place    | Note
-------+----------+-------------------------------------------
     0 | D:1      | Newt the Merfolk Gladiator began the quest for the Orb.
     0 | D:1      | Reached XP level 1. HP: 16/16 MP: 1/1
   337 | D:1      | Reached XP level 2. HP: 23/23 MP: 2/2
   451 | D:1      | Reached skill level 5 in Polearms
   609 | D:2      | Reached XP level 3. HP: 28/28 MP: 3/3
   698 | D:2      | Noticed Terence
   717 | D:2      | Killed Terence
   951 | D:2      | Found a runed translucent door.
   952 | D:2      | Noticed Crazy Yiuf
   999 | D:2      | Reached XP level 4. HP: 33/35 MP: 4/4
  1127 | D:2      | Found a glowing golden altar of the Shining One.
  1390 | D:2      | Noticed Natasha
  1396 | D:2      | Killed Natasha
  1502 | D:2      | Noticed Natasha
  1508 | D:2      | Killed Natasha
  1509 | D:2      | Reached XP level 5. HP: 42/42 MP: 5/5
  1647 | D:2      | Killed Crazy Yiuf
  1746 | D:3      | Found a shimmering altar of Xom.
  1804 | D:3      | Found a shimmering blue altar of Sif Muna.
  1980 | D:3      | Reached XP level 6. HP: 23/49 MP: 6/6
  2445 | D:3      | Found a faded altar of an unknown god.
  2639 | D:4      | Noticed Ijyb
  2648 | D:4      | Killed Ijyb
  2846 | D:4      | Reached XP level 7. HP: 28/55 MP: 7/7
  3152 | D:4      | Reached skill level 5 in Fighting
  3159 | D:4      | Found a glowing golden altar of the Shining One.
  3329 | D:4      | Identified the +1 robe of the Other World {Harm SInv}
  3330 | D:4      | Found a broken altar of Ashenzari.
  3521 | D:4      | Found a staircase to the Ecumenical Temple.
  3641 | Temple   | Entered the Ecumenical Temple
  3650 | Temple   | Became a worshipper of Hepliaklqana the Forgotten
  4230 | D:5      | Entered Level 5 of the Dungeon
  4230 | D:5      | Noticed Blork the orc
  4242 | D:5      | Killed Blork the orc
  4484 | D:5      | Noticed Grinder
  4490 | D:5      | Paralysed by Grinder for 2 turns
  4500 | D:5      | Killed Grinder
  4501 | D:5      | Reached XP level 8. HP: 56/64 MP: 8/8
  5098 | D:5      | Found a transporter.
  5113 | D:5      | Noticed puppykicker's ghost (amateur SpGl)
  5114 | D:5      | Found a transporter.
  5117 | D:5      | Identified the +0 dire flail "Patsimor" {drain, Str+4}
  5682 | D:6      | Reached * piety under Hepliaklqana
  5710 | D:6      | Reached skill level 1 in Evocations
  5718 | D:6      | Reached XP level 9. HP: 64/64 MP: 9/9
  6028 | D:6      | Found a runed translucent gate.
  6028 | D:6      | Found a runed translucent gate.
  6031 | D:6      | Found a runed translucent gate.
  6035 | D:6      | Noticed lucidstorm14's ghost (novice MiBe)
  6161 | D:6      | Found a hide-covered altar of Uskayaw.
  6588 | D:6      | Killed lucidstorm14's ghost
  6715 | D:7      | Found a flagged portal.
  6725 | Bailey   | Entered a bailey
  6830 | Bailey   | Noticed a kobold demonologist
  6838 | Bailey   | Noticed a rust devil
  6838 | Bailey   | Killed from afar by an electric eel

Illustrated notes

Levels and vault maps discovered:
D:1:      dpeg_arrival_rooms_a, layout_basic, wad_floor_pattern_1,
          minmay_split_cup_small
D:2:      kennysheep_big_flooded_room, layout_basic, basic_altar, uniq_natasha,
          uniq_crazy_yiuf_cottage, uniq_terence
D:3:      layout_loops_ring, mainiacjoe_overflow_alcove_1, dk_xom_monty_hall,
          dreamdust_ecumenical_altar_drowned_temple, kennysheep_small_spiral,
          kennysheep_flooded_box
D:4:      layout_loops_ring, lemuel_doored_altar,
          nicolae_tso_swordbearing_angel, temple_doors_e,
          minmay_fractal_squares_diagonal_5, uniq_ijyb
D:5:      layout_loops_ring, gammafunk_ghost_smash, minmay_fractal_squares_5,
          uniq_blork_the_orc, uniq_grinder
D:6:      layout_loops_ring, nicolae_uskayaw_suspiria,
          ebering_ghost_rock_garden, due_unseen_surprise
D:7:      minmay_bubble_buster, layout_loops_ring, enter_bailey_2,
          nicolae_elemental_shop, chequers_garden, uniq_maurice
Temple:   compressed_dpeg_triangle_lava_temple
Bailey:   bailey_axe_of_yendor_kennysheep, bailey

Skill      XL: |  1  2  3  4  5  6  7  8  9 |
---------------+----------------------------+-----
Polearms       | 5 6 7 8 9 |  9.1
Fighting       | 3 4 6 7 8 |  8.1
Dodging        | 6 9 |  9.0
Evocations     | 1 4 |  4.5
Throwing       | |  2.0

Action                     |  1- 3 |  4- 6 |  7- 9 || total
---------------------------+-------+-------+-------++-------
  Melee: Trident           |    72 |   133 |   208 ||   413
         Punch             |     2 |     2 |    16 ||    20
         Tailslap          |       |     1 |       ||     1
         Halberd           |       |       |    24 ||    24
         Spear             |       |       |    34 ||    34
  Throw: Dart              |     5 |     9 |    16 ||    30
         Throwing net      |     3 |     2 |     8 ||    13
         Javelin           |       |     1 |     1 ||     2
  Evoke: Wand              |       |       |     7 ||     7
    Use: Scroll            |     3 |     4 |     5 ||    12
         Potion            |     1 |       |     5 ||     6
   Stab: Sleeping          |     1 |     2 |     4 ||     7
         Paralysed         |       |       |     8 ||     8
         Held in net/web   |       |       |     1 ||     1
 Armour: Leather armour    |    21 |    40 |    18 ||    79
         Robe              |       |       |    95 ||    95
  Dodge: Dodged            |    37 |    50 |   139 ||   226

Table legend: (Time is in decaauts)
 A = Elapsed time spent in this place.
 B = Non-inter-level travel time spent in this place.
 C = Inter-level travel time spent in this place.
 D = Time resting spent in this place.
 E = Time spent auto-exploring this place.
 F = Levels seen in this place.
 G = Mean time per level.
                   A        B        C        D        E       F      G
               +--------+--------+--------+--------+--------+-----+--------+
         Total |   6784 |   6508 |    276 |   1672 |   3844 |   9 |  753.8 |
       Dungeon |   6673 |   6414 |    259 |   1672 |   3768 |   7 |  953.3 |
        Temple |     18 |      1 |     17 |      0 |      0 |   1 |   18.0 |
        Bailey |     92 |     92 |      0 |      0 |     76 |   1 |   92.0 |
               +--------+--------+--------+--------+--------+-----+--------+

Top non-repeatable levels by time:
     D:5: 1337 daAuts
     D:4: 1317 daAuts
     D:3: 1165 daAuts
     D:2: 1125 daAuts
     D:6: 1058 daAuts
     D:1: 593 daAuts
  Bailey: 92 daAuts
     D:7: 76 daAuts
  Temple: 18 daAuts
